Description

This is pretty much a copy of https://lotv.spawningtool.com/build/61348/. I could not remove drone timings in the Overwolf Spawning Tool, so I am just recreating the build without drone timings.

Build Order

Get SALT Encoding   

  12  0:00  Drone  
  13  0:12  Overlord  
  17  0:51  Hatchery  
  18  1:04  Extractor  
  17  1:13  Spawning Pool  
  19  1:40  Overlord  
  19  2:02  Queen x2, Zergling x6  
  23  2:04  Metabolic Boost  Pull 2 drones from gas, put back at 2:56
  30  2:38  Hatchery  Pull 2 drones from gas, put back at 2:56
  33  2:56  Overlord  Put 2 drones back on gas
  35  3:14  Zergling x12  
  42  3:21  Roach Warren  
  41  3:25  Overlord  
  44  3:41  Overlord  
  46  3:51  Queen  
  50  4:03  Roach x5  Defend against possible Zergling attacks with Roaches
  58  4:18  Lair, Extractor  
  57  4:19  Zergling x2, Overlord  
  63  4:26  Evolution Chamber  
  64  4:47  Extractor  
  63  4:48  Zergling x6  
  66  4:51  Zerg Missile Weapons Level 1  
  74  5:08  Overlord  
  78  5:16  Glial Reconstitution  
  78  5:19  Overlord  
  79  5:29  Extractor  
  78  5:31  Roach  Build Roaches and Overlords, commit to a fight when +1 Missile Weapon and Roach speed are done
  111  6:37  Extractor  
  111  6:38  Burrow  
  125  6:56  Tunneling Claws  Queue it up before the Glial Reconstituion finishes
  143  8:03  Hatchery  Saturate Hatchery with ~8 drones (not too little, not too many, depends on your opponent's army and drone size). Make a queen to inject larva on your 4th base. Add a few Ravagers
Spawning Tool Build Advisor. Get it on Overwolf

Analysis

Pull 2 drones off gas when metabolic finishes. Put them back at 2:56.

Go to:

Details

  • Created by: awells111
  • Published on: Jul 14, 2018
  • Modified on: Jul 14, 2018
  • Patch: 4.0.0
Show
View Real Time Build Order
Export as new Build Order

Comments (0)

There are no comments. Be the first!

Create an account to comment!